 Dungeon Crawl Stone Soup version 0.25-a0-184-gcd15a05269 (webtiles) character file.

Game seed: 5723291284314053111, levelgen mode: deterministic

6869 Jindul the Fighter (level 11, -2/95 HPs)
             Began as a Gnoll Abyssal Knight on Nov 27, 2019.
             Was a High Priest of Lugonu.
             Slain by a komodo dragon (25 damage)
             ... on level 2 of the Lair of Beasts.
             The game lasted 01:07:46 (12734 turns).

Jindul the Fighter (Gnoll Abyssal Knight)          Turns: 12734, Time: 01:07:47

Health: -2/95      AC:  3    Str: 14    XL:     11   Next: 6%
Magic:  19/19      EV: 19    Int: 10    God:    Lugonu [*****.]
Gold:   249        SH:  9    Dex: 21    Spells: 18/21 levels left

rFire    + + +     SeeInvis .   e - +5 flail
rCold    . . .     Gourm    .   y - +3 buckler
rNeg     . . .     Faith    .   b - +1 robe of Zaavir {rPois rF+++ Regen+ Int-5}
rPois    +         Spirit   .   (no helmet)
rElec    .         Reflect  .   (no cloak)
rCorr    .         Harm     +   (no gloves)
MR       .....                  (no boots)
Stlth    ++++......             t - amulet of harm
HPRegen  0.65/turn              x - +2 ring of evasion
MPRegen  0.16/turn              l - +3 ring of dexterity

@: no status effects
A: distributed training, claws 1, fangs 1, robust 1, strong nose
a: Depart the Abyss, Bend Space, Banish, Corrupt, Enter the Abyss, Renounce
Religion


You were on level 2 of the Lair of Beasts.
You worshipped Lugonu.
Lugonu was extremely pleased with you.
You were not hungry.

You visited 3 branches of the dungeon, and saw 12 of its levels.
You visited the Abyss 1 time.
You also visited: Sewer.

You collected 549 gold pieces.
You spent 300 gold pieces at shops.

Inventory:

Hand Weapons
 e - a +5 flail (weapon)
 v - a +2 war axe
 B - a +4 dagger of protection
 G - a +4 short sword
 H - a +2 short sword of draining
 J - a +0 falchion of flaming
Missiles
 i - 29 poisoned darts (quivered)
 p - 2 throwing nets
 C - 8 javelins
Armour
 b - the +1 robe of Zaavir (worn) {rPois rF+++ Regen+ Int-5}
   (You found it on level 7 of the Dungeon)

   It affects your intelligence (-5).
   It renders you almost immune to fire.
   It protects you from poison.
   It increases your rate of regeneration.
 r - a +3 ring mail
 y - a +3 buckler (worn)
 A - a +0 large shield
Jewellery
 h - an uncursed ring of see invisible
 l - a +3 ring of dexterity (right claw)
 t - an amulet of harm (around neck)
 x - a +2 ring of evasion (left claw)
Wands
 a - a wand of polymorph (8)
 F - a wand of paralysis (16)
 I - a wand of flame (9)
 K - a wand of random effects (23)
Scrolls
 d - 11 scrolls of remove curse
 f - 7 scrolls of teleportation
 k - 2 scrolls of blinking
 n - a scroll of identify
 o - 2 scrolls of amnesia
 q - 4 scrolls of fear
 s - a scroll of fog
 L - a scroll of enchant weapon
Potions
 j - 3 potions of might
 m - 5 potions of curing
 u - 2 potions of berserk rage
 w - a potion of brilliance {unknown}
 z - 4 potions of flight
 D - a potion of haste
 E - a potion of agility
 M - a potion of ambrosia
 N - a potion of lignification {unknown}
Comestibles
 c - 21 rations
 g - a chunk of flesh


   Skills:
 + Level 8.8 Fighting
 + Level 5.8 Short Blades
 + Level 5.8 Long Blades
 + Level 7.5 Axes
 + Level 5.8 Maces & Flails
 + Level 5.8 Polearms
 + Level 5.8 Staves
 + Level 5.8 Slings
 + Level 5.8 Bows
 + Level 5.8 Crossbows
 + Level 5.8 Throwing
 + Level 7.5 Armour
 + Level 6.4 Dodging
 + Level 5.8 Stealth
 + Level 5.8 Shields
 + Level 5.8 Unarmed Combat
 + Level 5.8 Spellcasting
 + Level 4.8 Conjurations
 + Level 4.8 Hexes
 + Level 4.8 Charms
 + Level 4.8 Summonings
 + Level 4.8 Necromancy
 + Level 4.8 Translocations
 + Level 4.8 Transmutations
 + Level 4.8 Fire Magic
 + Level 4.8 Ice Magic
 + Level 4.8 Air Magic
 + Level 4.8 Earth Magic
 + Level 4.8 Poison Magic
 + Level 7.9 Invocations
 + Level 5.8 Evocations


You had 18 spell levels left.
You knew the following spells:

 Your Spells              Type           Power        Failure   Level  Hunger
a - Mephitic Cloud        Conj/Pois/Air  ##......     9%          3    ###....

Your spell library contained the following spells:

 Spells                   Type           Power        Failure   Level  Hunger
 Sting                    Conj/Pois      ##..         3%          1    None
 Poisonous Vapours        Pois/Air       ##....       4%          2    ##.....
 Olgreb's Toxic Radiance  Pois           ##......     28%         4    ####...
 Venom Bolt               Conj/Pois      ##........   63%         5    ######.


Dungeon Overview and Level Annotations

Branches:
Dungeon (9/15)             Temple (1/1) D:5            Lair (2/6) D:8
  Sewer (visited)
  Swamp: Lair:2-4    Shoals: Lair:2-4     Snake: Lair:2-4    Spider: Lair:2-4
    Orc: D:9-12

Altars:
Ashenzari
Cheibriados
Dithmenos
Elyvilon
Fedhas
Gozag
Hepliaklqana
Kikubaaqudgha
Makhleb
Nemelex Xobeh
Okawaru
Qazlal
Ru
Sif Muna
Trog
Uskayaw
Wu Jian
Xom
Yredelemnul
Zin
The Shining One

Shops:
D:6 !   D:7 ?*   D:8 (   D:9 =

Annotations:
D:4 3 runed translucent doors, Roikka's ghost, novice HOFi; Sigmund; iVAG's ghost, novice TeCj
D:9 exclusions: black bear, crimson imp and steam dragon, Harold
Lair:2 exclusion: upstairs


Innate Abilities, Weirdness & Mutations

Your experience applies equally to all skills.
You have very sharp teeth.
Your uncanny sense of smell can sniff out nearby items.
You have sharp fingernails.
You are robust. (+10% HP)


Message History

Aim: a komodo dragon (very poisoned)
You throw a poisoned dart.
The poisoned dart hits the komodo dragon!
The komodo dragon looks as sick as possible!
Throwing (i - inventory. (/) - cycle)
i - 30 poisoned darts (quivered)
Press: ? - help, Shift-Dir - straight line, f/p - komodo dragon
Aim: a komodo dragon (moderately wounded, extremely poisoned)
You throw a poisoned dart.
The poisoned dart hits the komodo dragon.
The komodo dragon looks as sick as possible!
The komodo dragon is moderately wounded.
You hit the komodo dragon.
The komodo dragon is heavily wounded.
The komodo dragon bites you but does no damage.
The komodo dragon bites you!!
* * * LOW HITPOINT WARNING * * *
You hit the komodo dragon.
The komodo dragon is heavily wounded.
The komodo dragon bites you!!
You die...

..............####
..?.............#.##
....................
.........>..........
................#.##
^........<.....#...#
^^...............(..
.^......l(...((...%.
^##(##@##.#P##.....
# ######## ..##. ..#
.. .. ∆


You could see a komodo dragon.

Vanquished Creatures
  A two-headed ogre (D:9)
  A troll (D:9)
  A blink frog (Lair:2)
  A wyvern (D:9)
  Menkaure (D:7)
  Duvessa (D:6)
  7 porcupines
  A water moccasin (Lair:1)
  Purgy (Sewer)
  4 orc warriors
  A sky beast (D:5)
  A black bear (D:7)
  An eye of draining (D:6)
  3 ogres
  A centaur (D:5)
  A phantom (D:6)
  2 crocodiles (D:8)
  2 big kobolds
  2 bullfrogs
  Dowan (D:6)
  14 killer bees
  11 wights
  5 howler monkeys
  5 crimson imps
  A quasit (D:8)
  3 centaur skeletons
  3 hounds
  3 jellies
  3 orc priests
  A bullfrog skeleton (D:5)
  A gnoll shaman (D:5)
  13 orc wizards
  7 worker ants
  A hound zombie (D:6)
  3 hound skeletons (D:5)
  A howler monkey zombie (D:5)
  A worker ant zombie (D:5)
  10 gnolls
  A howler monkey skeleton (D:8)
  16 adders
  3 shadow imps
  An ooze (D:1)
  An adder zombie (D:9)
  6 worms
  4 dart slugs
  9 leopard geckos
  34 orcs
  10 bats
  8 giant cockroaches
  13 goblins
  8 hobgoblins
  13 jackals
  19 kobolds
  3 quokkas
  3 ball pythons
  7 frilled lizards
  A quokka skeleton (D:5)
  7 rats
  A fungus (D:8)
288 creatures vanquished.

Vanquished Creatures (others)
  A troll (D:8)
  45 fungi
  27 plants (D:8)
  A withered plant (D:4)
74 creatures vanquished.

Grand Total: 362 creatures vanquished

Notes
Turn   | Place    | Note
-------+----------+-------------------------------------------
     0 | Abyss:1  | Jindul the Gnoll Abyssal Knight began the quest for the
                  | Orb.
     0 | Abyss:1  | Reached XP level 1. HP: 23/23 MP: 3/3
    37 | Abyss:1  | Noticed a raiju
    38 | Abyss:1  | Noticed a raiju
    42 | D:1      | Escaped the Abyss
   232 | D:1      | Reached * piety under Lugonu
   250 | D:1      | Reached XP level 2. HP: 28/29 MP: 5/5
   557 | D:1      | Reached XP level 3. HP: 35/35 MP: 6/6
  1231 | D:2      | Reached skill level 1 in Short Blades
  1231 | D:2      | Reached skill level 1 in Long Blades
  1231 | D:2      | Reached skill level 1 in Maces & Flails
  1231 | D:2      | Reached skill level 1 in Polearms
  1231 | D:2      | Reached skill level 1 in Staves
  1231 | D:2      | Reached skill level 1 in Slings
  1231 | D:2      | Reached skill level 1 in Bows
  1231 | D:2      | Reached skill level 1 in Crossbows
  1231 | D:2      | Reached skill level 1 in Throwing
  1231 | D:2      | Reached skill level 1 in Stealth
  1231 | D:2      | Reached skill level 1 in Shields
  1231 | D:2      | Reached skill level 1 in Unarmed Combat
  1231 | D:2      | Reached skill level 1 in Spellcasting
  1231 | D:2      | Reached skill level 1 in Evocations
  1236 | D:2      | Reached XP level 4. HP: 31/41 MP: 7/7
  1250 | D:2      | HP: 2/41 [gnoll (5)]
  1571 | D:2      | Reached skill level 1 in Conjurations
  1571 | D:2      | Reached skill level 1 in Hexes
  1571 | D:2      | Reached skill level 1 in Charms
  1571 | D:2      | Reached skill level 1 in Summonings
  1571 | D:2      | Reached skill level 1 in Necromancy
  1571 | D:2      | Reached skill level 1 in Translocations
  1571 | D:2      | Reached skill level 1 in Transmutations
  1571 | D:2      | Reached skill level 1 in Fire Magic
  1571 | D:2      | Reached skill level 1 in Ice Magic
  1571 | D:2      | Reached skill level 1 in Air Magic
  1571 | D:2      | Reached skill level 1 in Earth Magic
  1571 | D:2      | Reached skill level 1 in Poison Magic
  1616 | D:2      | Reached ** piety under Lugonu
  1678 | D:2      | Reached XP level 5. HP: 21/47 MP: 8/8
  2318 | D:2      | Found a shimmering blue altar of Sif Muna.
  2624 | D:2      | Found a sacrificial altar of Ru.
  2627 | D:2      | Found an ornate altar of the Wu Jian Council.
  2629 | D:2      | Found an iron altar of Okawaru.
  3308 | D:3      | Reached *** piety under Lugonu
  3588 | D:4      | Reached XP level 6. HP: 45/53 MP: 9/9
  3687 | D:4      | Reached skill level 5 in Invocations
  3738 | D:4      | Found a runed translucent gate.
  3826 | D:4      | Found a runed translucent gate.
  3826 | D:4      | Found a runed translucent gate.
  3829 | D:4      | Noticed Roikka's ghost (novice HOFi)
  3829 | D:4      | Noticed iVAG's ghost (novice TeCj)
  3850 | D:4      | Reached skill level 5 in Axes
  3850 | D:4      | Reached skill level 5 in Armour
  3853 | D:4      | Noticed Sigmund
  4091 | D:5      | Entered Level 5 of the Dungeon
  4099 | D:5      | Reached XP level 7. HP: 38/59 MP: 10/10
  4244 | D:5      | Reached skill level 7 in Fighting
  4357 | D:5      | Found a glowing drain.
  4361 | Sewer    | Entered a sewer
  4440 | Sewer    | Noticed Purgy
  4453 | Sewer    | Killed Purgy
  5127 | D:5      | Reached **** piety under Lugonu
  5127 | D:5      | Reached XP level 8. HP: 41/67 MP: 12/12
  5324 | D:5      | Found a shattered altar of Ashenzari.
  5491 | D:5      | Found a staircase to the Ecumenical Temple.
  5499 | Temple   | Entered the Ecumenical Temple
  5883 | D:6      | Noticed Dowan
  5906 | D:6      | Killed Dowan
  6321 | D:6      | Noticed Duvessa
  6337 | D:6      | Killed Duvessa
  6707 | D:6      | Found a basalt altar of Yredelemnul.
  6960 | D:6      | Reached XP level 9. HP: 65/72 MP: 14/14
  7011 | D:6      | Found Ikhleex's Distillery.
  7120 | D:6      | Bought a potion of haste for 120 gold pieces
  7120 | D:6      | Bought a potion of agility for 48 gold pieces
  7120 | D:6      | Bought a potion of heal wounds for 60 gold pieces
  7120 | D:6      | Bought a potion of curing for 36 gold pieces
  7120 | D:6      | Bought a potion of curing for 36 gold pieces
  7719 | D:6      | Reached ***** piety under Lugonu
  8147 | D:7      | Found Funykiro's Magic Scroll Boutique.
  8158 | D:7      | Reached skill level 5 in Dodging
  8479 | D:7      | Got a dull robe
  8508 | D:6      | Identified the +1 robe of Zaavir {rPois rF+++ Regen+ Int-5}
                  | (You found it on level 7 of the Dungeon)
  8644 | D:7      | Found an opulent altar of Gozag.
  8648 | D:7      | Found Gozag's Platinum Reserve.
  8776 | D:7      | Reached skill level 8 in Fighting
  9024 | D:7      | Noticed Menkaure
  9473 | D:7      | Killed Menkaure
  9790 | D:8      | Found a sacrificial altar of Ru.
 10128 | D:8      | Reached XP level 10. HP: 54/80 MP: 17/17
 10246 | D:8      | Found Ojirusa's Weapon Emporium.
 10275 | D:8      | Learned a level 3 spell: Mephitic Cloud
 10416 | D:8      | Reached skill level 5 in Short Blades
 10416 | D:8      | Reached skill level 5 in Long Blades
 10416 | D:8      | Reached skill level 5 in Maces & Flails
 10416 | D:8      | Reached skill level 5 in Polearms
 10416 | D:8      | Reached skill level 5 in Staves
 10416 | D:8      | Reached skill level 5 in Slings
 10416 | D:8      | Reached skill level 5 in Bows
 10416 | D:8      | Reached skill level 5 in Crossbows
 10416 | D:8      | Reached skill level 5 in Throwing
 10416 | D:8      | Reached skill level 5 in Stealth
 10416 | D:8      | Reached skill level 5 in Shields
 10416 | D:8      | Reached skill level 5 in Unarmed Combat
 10416 | D:8      | Reached skill level 5 in Spellcasting
 10416 | D:8      | Reached skill level 5 in Evocations
 10419 | D:8      | Paralysed by an orc wizard for 4 turns
 10621 | D:8      | Found a hide-covered altar of Uskayaw.
 10651 | D:8      | Found a staircase to the Lair.
 11068 | D:8      | Noticed a +0 dagger
 11069 | D:8      | Noticed a +0 dagger
 11483 | D:9      | Noticed Harold
 11799 | D:9      | Noticed a two-headed ogre
 11979 | D:9      | Killed a two-headed ogre
 12079 | D:9      | Found Watiopt's Jewellery Shop.
 12330 | D:9      | Gained mutation: You are robust. (+10% HP) [potion of
                  | mutation]
 12330 | D:9      | Gained mutation: You have sharp fingernails. [potion of
                  | mutation]
 12449 | Lair:1   | Entered Level 1 of the Lair of Beasts
 12497 | Lair:1   | Reached XP level 11. HP: 49/95 MP: 19/19
 12614 | Lair:1   | Noticed a six-headed hydra
 12664 | Lair:2   | HP: 4/95 [blink frog (15)]
 12734 | Lair:2   | Slain by a komodo dragon

Levels and vault maps discovered:
D:1:      shiori_arrival_oz, layout_loops_ring
D:2:      minmay_wonky_spiral, layout_loops_ring, led_sif_pool, minitemple
D:3:      minmay_spotlight, layout_basic
D:4:      layout_cave_pools, gammafunk_ghost_cemetery, first_ration,
          uniq_sigmund
D:5:      layout_loops_ring, ashenzari_conservatory_becter,
          minmay_temple_entry_statues_pillars, gup_sewer_entry_spiral
D:6:      layout_cave_pods, lemuel_round_altar, serial_shops,
          nicolae_shop_temple_entry_statues_fountains, uniq_duvessa
D:7:      layout_layer_cave, nicolae_gozag_zags_fifth_avenue, serial_shops,
          kennysheep_mini_moat, serial_glass, glass_columns_a, glass_columns_a,
          uniq_menkaure
D:8:      layout_loops_corners, dancing_weapons_uskayaw,
          due_lair_maze_entry_diamond, basic_altar, serial_shops,
          nicolae_shop_statue_plus, blue_anna_alchemist [blue_anna_fruit_fields,
          blue_anna_fruit_fields], grunt_ministairs_11
D:9:      layout_roguey, vehumet_statue, serial_shops, nicolae_shop_waterfront,
          uniq_harold
Temple:   cyrus_circular_temple
Lair:1:   layout_big_grid, pond
Lair:2:   dragon1_lemuel, layout_long_grid, minmay_swamp_entry_eels,
          spider_nest_entry_web_field, grunt_megastairs_2, serial_bayou_shore_a

Skill      XL: |  1  2  3  4  5  6  7  8  9 10 |
---------------+-------------------------------+-----
Short Blades   | 1 2 3 4 5 |  5.8
Long Blades    | 1 2 3 4 5 |  5.8
Maces & Flails | 1 2 3 4 5 |  5.8
Polearms       | 1 2 3 4 5 |  5.8
Staves         | 1 2 3 4 5 |  5.8
Slings         | 1 2 3 4 5 |  5.8
Bows           | 1 2 3 4 5 |  5.8
Crossbows      | 1 2 3 4 5 |  5.8
Throwing       | 1 2 3 4 5 |  5.8
Stealth        | 1 2 3 4 5 |  5.8
Shields        | 1 2 3 4 5 |  5.8
Unarmed Combat | 1 2 3 4 5 |  5.8
Spellcasting   | 1 2 3 4 5 |  5.8
Evocations     | 1 2 3 4 5 |  5.8
Conjurations   | 1 2 3 4 |  4.8
Hexes          | 1 2 3 4 |  4.8
Charms         | 1 2 3 4 |  4.8
Summonings     | 1 2 3 4 |  4.8
Necromancy     | 1 2 3 4 |  4.8
Translocations | 1 2 3 4 |  4.8
Transmutations | 1 2 3 4 |  4.8
Fire Magic     | 1 2 3 4 |  4.8
Ice Magic      | 1 2 3 4 |  4.8
Air Magic      | 1 2 3 4 |  4.8
Earth Magic    | 1 2 3 4 |  4.8
Poison Magic   | 1 2 3 4 |  4.8
Dodging        | 3 4 5 6 |  6.4
Invocations    | 5 6 7 |  7.9
Axes           | 5 6 7 |  7.5
Armour         | 5 6 7 |  7.5
Fighting       | 7 8 |  8.8

Action                   |  1- 3 |  4- 6 |  7- 9 | 10-12 || total
-------------------------+-------+-------+-------+-------++-------
Melee: Hand axe          |    76 |   166 |       |       ||   242
       Bite              |     5 |    29 |    81 |    31 ||   146
       War axe           |       |    67 |   179 |    16 ||   262
       Punch             |       |     2 |     1 |       ||     3
       Dagger            |       |       |   483 |       ||   483
       Flail             |       |       |    16 |   177 ||   193
       Unarmed           |       |       |       |     1 ||     1
Throw: Dart              |       |     3 |    30 |    41 ||    74
 Cast: Mephitic Cloud    |       |       |       |     1 ||     1
Invok: Depart the Abyss  |     1 |       |       |       ||     1
       Banish            |       |       |       |     1 ||     1
Evoke: Wand              |       |       |     1 |     4 ||     5
  Use: Scroll            |       |     6 |    13 |     3 ||    22
       Potion            |       |     1 |     9 |     1 ||    11
 Stab: Sleeping          |     2 |     3 |     6 |     5 ||    16
       Distracted        |       |       |     1 |     1 ||     2
       Paralysed         |       |       |     1 |       ||     1
  Eat: Chunk             |       |    10 |    17 |     9 ||    36
       Ration            |       |       |     1 |       ||     1
Armor: Leather armour    |    15 |    15 |       |       ||    30
       Ring mail         |       |    52 |   125 |       ||   177
       Robe              |       |       |    25 |    22 ||    47
Dodge: Dodged            |    45 |   161 |   383 |   162 ||   751
Block: Buckler           |       |       |   125 |   116 ||   241

Table legend:
 A = Non-vault XP
 B = Vault XP
 C = Vault XP percentage of total XP
 D = Non-vault monster count
 E = Vault monster count
 F = Vault count percentage of total count
                 A         B        C        D         E       F
            +---------+---------+-------+---------+---------+-------
      Total |    7964 |    1849 |  18.8 |     252 |      36 |  12.5
            +---------+---------+-------+---------+---------+-------
        D:1 |      55 |       4 |   6.8 |      26 |       2 |   7.1
        D:2 |     153 |       2 |   1.3 |      35 |       2 |   5.4
        D:3 |      80 |      12 |  13.0 |      27 |       3 |  10.0
        D:4 |     196 |       0 |   0.0 |       6 |       0 |   0.0
        D:5 |    1076 |      27 |   2.4 |      35 |       6 |  14.6
        D:6 |    1197 |     214 |  15.2 |      37 |       2 |   5.1
        D:7 |    1083 |     157 |  12.7 |      28 |       1 |   3.4
        D:8 |    1409 |    1264 |  47.3 |      37 |      13 |  26.0
        D:9 |    2008 |       0 |   0.0 |      17 |       0 |   0.0
     Lair:1 |     433 |       0 |   0.0 |       3 |       0 |   0.0
     Lair:2 |     274 |       0 |   0.0 |       1 |       0 |   0.0
      Sewer |       0 |     169 | 100.0 |       0 |       7 | 100.0
            +---------+---------+-------+---------+---------+-------
